 Seeded DCSS version 0.28-a0-1567-g1695149f81 (webtiles) character file.

Game seed: 41976 (custom seed)

42 knot the Chopper (level 3, -1/29 HPs)
             Began as a Demonspawn Berserker on Jan 20, 2022.
             Was a Believer of Trog.
             Slain by an adder (5 damage)
             ... on level 2 of the Dungeon.
             The game lasted 00:00:54 (1665 turns).

knot the Chopper (Demonspawn Berserker)             Turns: 1665, Time: 00:00:54

Health: -1/29      AC:  2    Str: 17    XL:     3   Next: 33%
Magic:  3/3        EV: 12    Int: 10    God:    Trog [**....]
Gold:   71         SH:  0    Dex: 12    Spells: 2/2 levels left

rFire   . . .      SeeInvis .   a - +0 hand axe
rCold   . . .      Faith    .   (no shield)
rNeg    . . .      Spirit   .   b - +0 animal skin
rPois   .          Reflect  .   (helmet restricted)
rElec   .          Harm     .   (no cloak)
rCorr   .          Rampage  .   (no gloves)
Will    .....                   (no boots)
Stlth   +.........              (no amulet)
HPRegen 0.09/turn               (no ring)
MPRegen 0.08/turn               (no ring)

@: lethally poisoned (-1 -> -6)
A: horns 1
a: Renounce Religion, Berserk, Trog's Hand


You were on level 2 of the Dungeon.
You worshipped Trog.
Trog was pleased with you.
You visited 1 branch of the dungeon, and saw 2 of its levels.

You collected 71 gold pieces.

Inventory:

Hand Weapons
 a - a +0 hand axe (weapon)
Missiles
 e - 5 stones (quivered)
 g - 27 sling bullets
Armour
 b - a +0 animal skin (worn)
Scrolls
 h - a scroll of noise {unknown}
Potions
 c - a potion of curing {unknown}
 d - a potion of haste {unknown}
 f - a potion of flight {unknown}


   Skills:
 - Level 3.0 Fighting
 + Level 4.0 Axes
 - Level 1.7 Armour
 - Level 1.7 Dodging


You had 2 spell levels left.
You didn't know any spells.
Your spell library was empty.

Dungeon Overview and Level Annotations

Branches:
Dungeon (2/15)

Altars:

Shops:
D:1 [   D:2 :


Innate Abilities, Weirdness & Mutations

You have a pair of small horns on your head.


Message History

An adder is nearby!
You hit the adder. Your headbutt misses the adder.
The adder is moderately wounded.
The adder bites you.
You are poisoned.
The adder poisons you! The adder barely misses you.
An adder is nearby!
You closely miss the adder. Your headbutt misses the adder.
The adder is moderately wounded.
You feel sick. The adder closely misses you.
An adder is nearby!
You completely miss the adder.
The adder is moderately wounded.
You feel sick. The adder bites you.
You are more poisoned.
The adder poisons you! The adder bites you.
You are lethally poisoned!
The adder poisons you!
You miss the adder.
The adder is moderately wounded.
You feel very sick. The adder barely misses you.
You are too injured to fight recklessly!
You fail to use your ability.
You feel very sick. The adder bites you.
* * * LOW HITPOINT WARNING * * *
Okay, then.
You slash the adder! Your headbutt misses the adder.
The adder is almost dead.
* * * LOW HITPOINT WARNING * * *
You feel sick. The adder closely misses you. The adder barely misses you.
You fail to use your ability.
* * * LOW HITPOINT WARNING * * *
You feel sick. The adder barely misses you.
You barely miss the adder. Your headbutt misses the adder.
The adder is almost dead.
* * * LOW HITPOINT WARNING * * *
You feel sick. The adder bites you.
You die...

#..## #.# ... #..#
#.##. ### #÷÷# #.##.
#..# #.##. #..# #.
#..## #. #.†.# # #.
###..## #.#S########
#.....# #.#.@.^.....
#.....####....#######
####.........[.......#
............##...##..#
.###......#..[.......#
#.♣#.#.#######.#..#
♣.∩.♣#.#######.#..#
##♣..#.....<...(..#
##.#########.#.##


You could see an adder.

Vanquished Creatures
  A worm (D:2)
  3 ball pythons
  4 endoplasms
  4 goblins (D:1)
  3 hobgoblins
  6 jackals
  3 quokkas (D:1)
  2 frilled lizards (D:1)
  4 kobolds (D:1)
  3 rats
33 creatures vanquished.

Notes
Turn   | Place    | Note
-------+----------+-------------------------------------------
     0 | D:1      | knot the Demonspawn Berserker began the quest for the Orb.
     0 | D:1      | Reached XP level 1. HP: 18/18 MP: 1/1
    61 | D:1      | Reached skill level 3 in Axes
   311 | D:1      | Gained mutation: You have a pair of small horns on your
                  | head. [demonic ancestry]
   311 | D:1      | Reached XP level 2. HP: 18/24 MP: 2/2
   792 | D:1      | Found Pimmai's Antique Armour Shoppe.
  1144 | D:1      | Found a faded altar of an unknown god.
  1302 | D:2      | Reached XP level 3. HP: 29/29 MP: 3/3
  1405 | D:2      | Reached skill level 4 in Axes
  1500 | D:2      | Reached ** piety under Trog
  1611 | D:2      | Found Teuth's Book Shop.
  1665 | D:2      | Slain by an adder

Illustrated notes

Levels and vault maps discovered:
D:1:      minmay_arrival_four_houses, layout_loops_ring,
          dreamdust_ecumenical_altar_hidden_monk_grotto, serial_shops, shop,
          serial_bayou_pond_d
D:2:      layout_loops_ring, serial_shops, nicolae_shop_trees,
          nicolae_shop_advertising_works [nicolae_subvault_shop_adworks],
          nicolae_shop_trees, uniq_robin

Skill      XL: |  1  2  3 |
---------------+----------+-----
Axes           | 3 4 |  4.0
Fighting       | |  3.0
Armour         | |  1.7
Dodging        | |  1.7

Action                   || total
-------------------------++-------
Melee: Hand axe          ||    93
       Headbutt          ||     8
       Punch             ||     1
 Stab: Sleeping          ||     3
Armor: Animal skin       ||    13
Dodge: Dodged            ||    68

Table legend: (Time is in decaauts)
 A = Elapsed time spent in this place.
 B = Non-inter-level travel time spent in this place.
 C = Inter-level travel time spent in this place.
 D = Time resting spent in this place.
 E = Time spent auto-exploring this place.
 F = Levels seen in this place.
 G = Mean time per level.
                   A        B        C        D        E       F      G
               +--------+--------+--------+--------+--------+-----+--------+
         Total |   1676 |   1642 |     34 |     29 |   1398 |   2 |  838.0 |
       Dungeon |   1676 |   1642 |     34 |     29 |   1398 |   2 |  838.0 |
               +--------+--------+--------+--------+--------+-----+--------+

Top non-repeatable levels by time:
     D:1: 1299 daAuts
     D:2: 377 daAuts
